 Dungeon Crawl Stone Soup version 0.25-a0-292-gaa31f046c4 (webtiles) character file.

Game seed: 3265324564663233332, levelgen mode: deterministic

537 floatRand the Insei (level 7, 0/52 HPs)
             Began as a Demonspawn Monk on Dec 15, 2019.
             Slain by a mummy (5 damage)
             ... in an ossuary.
             The game lasted 00:04:03 (3712 turns).

floatRand the Insei (Demonspawn Monk)               Turns: 3712, Time: 00:04:04

Health: 0/52       AC:  8    Str: 13    XL:     7   Next: 5%
Magic:  0/7        EV: 13    Int: 17    God:
Gold:   191        SH:  0    Dex: 15    Spells: 6/6 levels left

rFire    + . .     SeeInvis .     - Unarmed
rCold    . . .     Gourm    .   (no shield)
rNeg     . . .     Faith    .   a - +0 robe
rPois    .         Spirit   +   n - +0 hat
rElec    .         Reflect  .   g - +0 cloak
rCorr    +         Harm     .   h - +0 pair of gloves
MR       .....                  (no boots)
Stlth    ++........             v - amulet of regeneration
HPRegen  0.57/turn              j - ring of resist corrosion
MPRegen  0.10/turn              k - ring of protection from fire

@: brilliant
A: iridescent scales 2, powered by death 2, magic shield
a: no special abilities


You were in an ossuary.
You were not hungry.

You visited 1 branch of the dungeon, and saw 6 of its levels.
You also visited: Ossuary.

You collected 191 gold pieces.

Inventory:

Missiles
 t - 7 curare-tipped darts (quivered)
Armour
 a - a +0 robe (worn)
 g - a +0 cloak (worn)
 h - a +0 pair of gloves (worn)
 n - a +0 hat (worn)
Jewellery
 j - a ring of resist corrosion (left hand)
 k - a ring of protection from fire (right hand)
 v - an amulet of regeneration (around neck)
Scrolls
 c - 4 scrolls of teleportation {unknown}
 f - a scroll of amnesia {unknown}
 l - a scroll of magic mapping {unknown}
 o - a scroll of fear {unknown}
 q - 2 scrolls of enchant weapon {unknown}
 r - 3 scrolls of identify {unknown}
 s - a scroll of enchant armour {unknown}
 x - a scroll of fog {unknown}
Potions
 d - 3 potions of brilliance
 i - a potion of magic {unknown}
 m - a potion of curing
 p - 3 potions of agility {unknown}
 u - a potion of flight {unknown}
Comestibles
 b - 9 rations


   Skills:
 - Level 3.0 Fighting
 - Level 2.6 Dodging
 - Level 1.7 Stealth
 + Level 7.4 Unarmed Combat


You had 6 spell levels left.
You didn't know any spells.
Your spell library was empty.

Dungeon Overview and Level Annotations

Branches:
Dungeon (7/15)            Ossuary (1/1)
 Temple: D:4-7

Altars:
Cheibriados
Dithmenos
Fedhas
Sif Muna
Vehumet


Innate Abilities, Weirdness & Mutations

You are mostly covered in iridescent scales. (AC +4)
You regenerate health from kills.
When hurt, damage is shared between your health and your magic reserves.


Message History

You struggle against the net.
The mummy hits you. The mummy hits you!
You are too injured to fight recklessly!
Unknown command.
You are too injured to fight recklessly!
Unknown command.
You struggle against the net.
The mummy hits you but does no damage. The mummy hits you.
Unknown command.
You struggle against the net.
The mummy hits you.
* * * LOW HITPOINT WARNING * * *
You struggle against the net.
The mummy hits you!
* * * LOW HITPOINT WARNING * * *
The mummy barely misses you. The mummy hits you.
* * * LOW HITPOINT WARNING * * *
You rip the net and break free!
The mummy closely misses you.
Unknown command.
It was a potion of brilliance.
You feel clever all of a sudden. The mummy hits you.
You die...

#!.....?#
#!.....?#
#!.....?#
#!.....!#
##.....##
##.(...##
#..ZM...#
##..M.^##
#..M@.^.#
##^....##
#.......#
##....^##
#.......#
##.^.^.##
#...^.^.#
##.....##
#.....^.#


You could see 3 mummies and a big kobold zombie.

Vanquished Creatures
  2 ice beasts (D:6)
  A phantom (D:4)
  A centaur zombie (Ossuary)
  Jessica (D:2)
  A worker ant (D:4)
  A big kobold zombie (Ossuary)
  A hound skeleton (D:4)
  3 mummies (Ossuary)
  4 adders
  An ooze (D:2)
  An adder skeleton (D:4)
  2 worms
  A dart slug (D:1)
  3 leopard geckos
  4 orcs (D:4)
  6 giant cockroaches
  3 goblins
  A hobgoblin (D:2)
  8 jackals
  5 quokkas
  4 bats
  5 frilled lizards
  2 hobgoblin zombies (Ossuary)
  2 kobolds
  A leopard gecko skeleton (D:4)
  A quokka skeleton (D:4)
  3 rats
68 creatures vanquished.

Notes
Turn   | Place    | Note
-------+----------+-------------------------------------------
     0 | D:1      | floatRand the Demonspawn Monk began the quest for the Orb.
     0 | D:1      | Reached XP level 1. HP: 18/18 MP: 1/1
    48 | D:1      | Reached skill level 3 in Unarmed Combat
   323 | D:1      | Gained mutation: You regenerate a little health from kills.
                  | [demonic ancestry]
   323 | D:1      | Reached XP level 2. HP: 17/24 MP: 2/2
   862 | D:2      | Reached XP level 3. HP: 23/29 MP: 3/3
  1077 | D:2      | Reached skill level 4 in Unarmed Combat
  1313 | D:2      | Noticed Jessica
  1334 | D:2      | Killed Jessica
  1334 | D:2      | Gained mutation: You are partially covered in iridescent
                  | scales. (AC +2) [demonic ancestry]
  1334 | D:2      | Reached XP level 4. HP: 12/35 MP: 4/4
  1830 | D:2      | Found a shimmering blue altar of Sif Muna.
  2504 | D:3      | Found a radiant altar of Vehumet.
  2506 | D:3      | Found a snail-covered altar of Cheibriados.
  2517 | D:3      | Found a shadowy altar of Dithmenos.
  2856 | D:4      | Noticed a phantom
  2876 | D:4      | Killed a phantom
  2876 | D:4      | Reached skill level 5 in Unarmed Combat
  2876 | D:4      | Gained mutation: When hurt, damage is shared between your
                  | health and your magic reserves. [demonic ancestry]
  2876 | D:4      | Reached XP level 5. HP: 41/41 MP: 5/5
  3086 | D:4      | Found a blossoming altar of Fedhas.
  3106 | D:4      | Reached skill level 6 in Unarmed Combat
  3466 | D:4      | You fall into a shaft and drop 3 floors!
  3467 | D:7      | Noticed an ice beast
  3471 | D:6      | Noticed an ice beast
  3484 | D:6      | Killed an ice beast
  3484 | D:6      | Gained mutation: You regenerate health from kills. [demonic
                  | ancestry]
  3484 | D:6      | Reached XP level 6. HP: 31/47 MP: 3/6
  3504 | D:6      | Killed an ice beast
  3504 | D:6      | Reached skill level 7 in Unarmed Combat
  3529 | D:6      | Found a sand-covered staircase.
  3539 | Ossuary  | Entered an ossuary
  3636 | Ossuary  | Gained mutation: You are mostly covered in iridescent
                  | scales. (AC +4) [demonic ancestry]
  3636 | Ossuary  | Reached XP level 7. HP: 38/52 MP: 3/7
  3712 | Ossuary  | Slain by a mummy

Levels and vault maps discovered:
D:1:      scummos_arrival_simple_fountains, layout_loops_ring
D:2:      cheibrodos_old_hovel, layout_basic, lemuel_round_altar, uniq_jessica
D:3:      wad_pebble_path, layout_basic, grunt_temple_overflow_open
D:4:      layout_gridville, fedhas_ov_isle_minmay
D:6:      layout_loops_corners, dancing_weapons_uskayaw,
          nicolae_ossuary_entry_ruins, makhleb_heckhound_becter
D:7:      layout_cave_pools, minmay_temple_entry_hall, uniq_menkaure,
          uniq_joseph, uniq_duvessa
Ossuary:  ossuary_the_hunt_dpeg

Skill      XL: |  1  2  3  4  5  6 |
---------------+-------------------+-----
Unarmed Combat | 3 4 5 6 7 |  7.4
Fighting       | |  3.0
Dodging        | |  2.6
Stealth        | |  1.7

Action                   |  1- 3 |  4- 6 |  7- 9 || total
-------------------------+-------+-------+-------++-------
Melee: Unarmed           |   106 |   201 |    25 ||   332
       Punch             |     3 |     5 |       ||     8
  Use: Potion            |       |     3 |     1 ||     4
 Stab: Sleeping          |     2 |     2 |       ||     4
  Eat: Chunk             |     1 |     8 |       ||     9
Armor: Robe              |    15 |    53 |     8 ||    76
       Skin              |       |     8 |       ||     8
Dodge: Dodged            |    64 |   132 |    15 ||   211

Table legend:
 A = Non-vault XP
 B = Vault XP
 C = Vault XP percentage of total XP
 D = Non-vault monster count
 E = Vault monster count
 F = Vault count percentage of total count
                 A         B        C        D         E       F
            +---------+---------+-------+---------+---------+-------
      Total |     601 |     167 |  21.7 |      59 |       9 |  13.2
            +---------+---------+-------+---------+---------+-------
        D:1 |      23 |       0 |   0.0 |      11 |       0 |   0.0
        D:2 |      64 |      39 |  37.9 |      20 |       2 |   9.1
        D:3 |      24 |       0 |   0.0 |       7 |       0 |   0.0
        D:4 |     218 |       0 |   0.0 |      19 |       0 |   0.0
        D:6 |     272 |       0 |   0.0 |       2 |       0 |   0.0
    Ossuary |       0 |     128 | 100.0 |       0 |       7 | 100.0
            +---------+---------+-------+---------+---------+-------
